 Dungeon Crawl Stone Soup version 0.31.0-11-ge490571c62 (webtiles) character file.

Game seed: 14967118201870335344

149 qw the Ducker (level 5, -2/25 HPs)
             Began as a Spriggan Hunter on Feb 4, 2024.
             Slain by a hornet (7 damage)
             ... while paralysed by a hornet
             ... on level 4 of the Dungeon.
             The game lasted 00:00:08 (2313 turns).

qw the Ducker (Spriggan Hunter)                     Turns: 2313, Time: 00:00:08

Health: -2/25      AC:  2    Str:  7    XL:     5   Next: 9%
Magic:  6/6        EV:  1    Int: 10    God:
Gold:   158        SH:  0    Dex: 21    Spells: 4/4 levels left

rFire   . . .        a - +1 shortbow
rCold   . . .        (shield currently unavailable)
rNeg    . . .        c - +0 robe
rPois   .            (helmet restricted)
rElec   .            (no cloak)
rCorr   .            (gloves unavailable)
SInv    +            (boots unavailable)
Will    .....        (no amulet)
Stlth   ++           (no ring)
HPRegen 0.24/turn    (no ring)
MPRegen 0.10/turn

%: no passive effects
@: paralysed, lethally poisoned (-2 -> -5), about to teleport, slowed,
constricted, very quick
A: very small, no large weapons, unfitting armour, see invisible, speed 3
a: no special abilities


You were on level 4 of the Dungeon.
You visited 1 branch of the dungeon, and saw 4 of its levels.

You collected 158 gold pieces.


Innate Abilities, Weirdness & Mutations

You are very small and have problems with some larger weapons.
You are too small for most types of armour.
You have supernaturally acute eyesight. (SInv)
You cover ground extremely quickly. (Speed+++)


   Skills:
 + Level 1.5 Fighting
 - Level 5.0 Ranged Weapons
 - Level 5.9 Dodging
 - Level 1.5 Stealth


You had 4 spell levels left.
You didn't know any spells.
Your spell library was empty.

Inventory:

Hand Weapons
 a - a +1 shortbow (weapon)
Armour
 c - a +0 robe (worn)
Scrolls
 k - 2 scrolls of teleportation
Potions
 d - a potion of might
 g - a potion of curing
 h - a potion of berserk rage {unknown}
 i - 2 potions of cancellation
 m - a potion of lignification {unknown}

Dungeon Overview and Level Annotations

Branches:
Dungeon (4/15)
 Temple: D:4-7

Altars:
Qazlal
Yredelemnul

Shops:
D:2 [


Message History

The hornet misses you. The hornet closely misses you.
You shoot an arrow. The arrow hits the hornet!
The hornet is moderately wounded.
The hornet barely misses you.
An orc priest comes into view. It is wielding a +0 whip.
The hornet barely misses you.
The orc priest moves out of view.
You shoot an arrow.
The arrow hits the hornet but does no damage.
The hornet is moderately wounded.
The hornet closely misses you.
You shoot an arrow. The arrow misses the hornet.
The hornet barely misses you. The hornet completely misses you.
You shoot an arrow. The arrow hits the hornet.
The hornet is heavily wounded.
The hornet misses you. The hornet completely misses you.
You shoot an arrow.
The arrow hits the hornet but does no damage.
The hornet is heavily wounded.
The hornet stings you!
You feel yourself slow down.
A ball python comes into view.
The hornet stings you!
You are lethally poisoned!
You feel as though you will be slow longer.
2311 ||| READING 3 scrolls of teleportation.
As you read the scroll of teleportation, it crumbles to dust.
You feel strangely unstable.
You feel very sick. The hornet completely misses you. x2
2312 ||| DRINKING potion of heal wounds.
You feel much better.
You feel sick. The hornet stings you!
You suddenly lose the ability to move!
The hornet stings you.
You feel as though you will be slow longer.
The ball python barely misses you. The ball python grabs you.
The ball python constricts you.
You feel sick. The hornet stings you.
You feel as though you will be slow longer.
The ball python bites you. The ball python constricts you.
The hornet stings you!
You die...

.....# .....#
.....#
.....############
................#
.....##########.#
###### ##.## #
#.y.#.# #..#@%#
#..###S.# #..#
#..# #..# #..#
#.# #.# #. .# # #


You could see a hornet and a ball python.

Vanquished Creatures
  A scorpion (D:4)
  2 adders (D:2)
  4 dart slugs
  A ribbon worm (D:2)
  2 orcs
  3 endoplasms
  4 giant cockroaches
  4 goblins
  5 hobgoblins
  8 quokkas
  8 ball pythons
  7 bats
  4 frilled lizards
  2 kobolds
  3 rats
58 creatures vanquished.

Notes
Turn   | Place    | Note
-------+----------+-------------------------------------------
     0 | D:1      | qw the Spriggan Hunter began the quest for the Orb.
     0 | D:1      | Reached XP level 1. HP: 10/10 MP: 2/2
     0 | D:1      | 0 ||| qw: Version: 0.3-a-160-g6735b56
     0 | D:1      | 0 ||| qw: Game counter: 4806
     0 | D:1      | 0 ||| qw: Melee chars always use a shield: true
     0 | D:1      | 0 ||| qw: God list: Okawaru
     0 | D:1      | 0 ||| qw: Allow faded altars: false
     0 | D:1      | 0 ||| qw: Do Orc after clearing Dungeon:15 true
     0 | D:1      | 0 ||| qw: Do second Lair branch before Depths: true
     0 | D:1      | 0 ||| qw: Lair rune preference: random
     0 | D:1      | 0 ||| qw: Goals: Normal
     0 | D:1      | 0 ||| PLANNING D:1-11
    54 | D:1      | Reached skill level 3 in Dodging
   121 | D:1      | Reached XP level 2. HP: 5/14 MP: 3/3
   580 | D:1      | Reached XP level 3. HP: 18/18 MP: 4/4
   744 | D:1      | 744 ||| READING scroll labelled DURO IDAUDGH.
   744 | D:1      | 744 ||| IDENTIFYING green potion
   745 | D:1      | 745 ||| READING scroll labelled LYNTAI GEMIO.
   745 | D:1      | 745 ||| ENCHANTING +0 shortbow.
   746 | D:1      | 746 ||| READING scroll labelled JAILOFUALY.
   747 | D:1      | 747 ||| READING scroll labelled MYAVEY EMUWUDI.
   750 | D:1      | 750 ||| DROPPING scroll of butterflies.
  1044 | D:2      | Found Niokar's Armour Shop.
  1054 | D:2      | 1054 ||| SHOPLISTING +0 cloak (49 gold, have 44).
  1349 | D:2      | Reached XP level 4. HP: 22/22 MP: 5/5
  1552 | D:2      | 1552 ||| READING scroll of identify.
  1552 | D:2      | 1552 ||| IDENTIFYING viscous white potion
  1553 | D:2      | 1553 ||| READING scroll labelled MAILIU RIOM.
  1554 | D:2      | 1554 ||| READING scroll labelled ROOPHU REKHUHO.
  1555 | D:2      | 1555 ||| READING scroll labelled KUT QEXAOBI.
  1598 | D:2      | 1598 ||| READING scroll labelled MOANIBR CAUNG.
  1599 | D:2      | 1599 ||| READING scroll labelled DAABRO TOUCK.
  1600 | D:2      | 1600 ||| DRINKING 2 fuming golden potions.
  1625 | D:3      | 1625 ||| STAIRDANCE
  1713 | D:3      | Found a basalt altar of Yredelemnul.
  1924 | D:3      | Found a stormy altar of Qazlal.
  2122 | D:3      | 2122 ||| READING scroll of identify.
  2122 | D:3      | 2122 ||| IDENTIFYING fuming green potion
  2123 | D:3      | 2123 ||| READING scroll labelled SEDWIPH BENNOE.
  2124 | D:3      | 2124 ||| READING scroll labelled GUOSEAPH PANOZ.
  2225 | D:3      | 2225 ||| READING scroll labelled LICUCZ SEKOO.
  2225 | D:3      | 2225 ||| ENCHANTING +1 shortbow.
  2297 | D:4      | Noticed a scorpion
  2304 | D:4      | Killed a scorpion
  2304 | D:4      | Noticed a hornet
  2305 | D:4      | Reached XP level 5. HP: 24/25 MP: 6/6
  2310 | D:4      | HP: 5/25 [hornet (8)]
  2311 | D:4      | 2311 ||| READING 3 scrolls of teleportation.
  2311 | D:4      | HP: 2/25 [poisoned by a hornet]
  2312 | D:4      | 2312 ||| DRINKING potion of heal wounds.
  2312 | D:4      | Paralysed by a hornet for 2 turns
  2313 | D:4      | Slain by a hornet

Levels and vault maps discovered:
D:1:      psy_arrival_conway, layout_basic, serial_bayou_pond_b
D:2:      layout_basic, serial_shops, shop, minmay_fractal_squares_5
D:3:      layout_rooms, mainiacjoe_overflow_catwalk_spiral,
          wander_ebering_terrifying_dragon_lair
D:4:      minmay_diamond_boxcup, layout_basic, uniq_ijyb, uniq_robin,
          uniq_blork_the_orc

Skill      XL: |  1  2  3  4 |
---------------+-------------+-----
Dodging        | 3 4 5 |  5.9
Ranged Weapons | 5 |  5.0
Fighting       | |  1.5
Stealth        | |  1.5

Action                     |  1- 3 |  4- 6 || total
---------------------------+-------+-------++-------
   Fire: Shortbow          |   140 |    40 ||   180
    Use: Scroll            |     4 |    11 ||    15
         Potion            |       |     2 ||     2
 Armour: Robe              |     8 |    12 ||    20
  Dodge: Dodged            |    54 |    24 ||    78

Table legend:
 A = Non-vault XP
 B = Vault XP
 C = Vault XP percentage of total XP
 D = Non-vault monster count
 E = Vault monster count
 F = Vault count percentage of total count
                 A         B        C        D         E       F
            +---------+---------+-------+---------+---------+-------
      Total |     113 |     100 |  46.9 |      49 |       9 |  15.5
            +---------+---------+-------+---------+---------+-------
        D:1 |      40 |       4 |   9.1 |      22 |       2 |   8.3
        D:2 |      52 |       8 |  13.3 |      17 |       5 |  22.7
        D:3 |      21 |       1 |   4.5 |      10 |       1 |   9.1
        D:4 |       0 |      87 | 100.0 |       0 |       1 | 100.0
            +---------+---------+-------+---------+---------+-------
